 Dungeon Crawl Stone Soup version 0.30-a0-122-g2a1322497e (webtiles) character file.

Game seed: 12780068382126702858

2850 Dreamer the Covert (level 9, 0/51 HPs)
             Began as a Vampire Enchanter on Sept 16, 2022.
             Was an Initiate of Wu Jian.
             Slain by Duvessa (13 damage)
             ... on level 7 of the Dungeon.
             The game lasted 00:53:55 (8352 turns).

Dreamer the Covert (Vampire Enchanter)              Turns: 8352, Time: 00:53:55

Health: 0/51       AC:  9    Str: 10 (11) XL:     9   Next: 46%
Magic:  10/15      EV: 16    Int: 16      God:    Wu Jian [......]
Gold:   282        SH:  0    Dex: 25      Spells: 6/17 levels left

rFire   x . .      SeeInvis +    m - +2 dagger (flame)
rCold   + . .      Faith    .    (no shield)
rNeg    + + +      Spirit   .    l - +0 steam dragon scales
rPois   ∞          Reflect  .    G - +2 helmet
rElec   .          Harm     .    (no cloak)
rCorr   .          Rampage  .    e - +0 pair of gloves
Will    +....                    (no boots)
Stlth   +++++++...               y - amulet "Qylaeble" {rF- Will+ Regen+ Dex+7}
HPRegen 0.00/turn                (no ring)
MPRegen 0.14/turn                (no ring)

@: bloodless, inhibited regen
A: bloodless, fangs 3, see invisible, vampiric 2, hooves 1, strong 1, cold
vulnerability 1
a: Bat Form, Revivify, Renounce Religion


You were on level 7 of the Dungeon.
You worshipped Wu Jian.
Wu Jian was noncommittal.
You visited 2 branches of the dungeon, and saw 8 of its levels.

You collected 282 gold pieces.

Inventory:

Hand Weapons
 m - a +2 dagger of flaming (weapon)
 r - a +0 rapier
 D - a +3 dagger
Missiles
 b - a throwing net
Armour
 e - a +0 pair of gloves (worn)
 l - +0 steam dragon scales (worn)
 v - a +1 robe of fire resistance
 G - a +2 helmet (worn)
Jewellery
 a - an amulet of reflection
 y - the amulet "Qylaeble" (around neck) {rF- Will+ Regen+ Dex+7}
   (You found it on level 5 of the Dungeon)

   [amulet of regeneration]

   Dex:       It affects your dexterity (+7).
   rF:        It makes you vulnerable to fire.
   Regen:     It increases your rate of health regeneration.
   Will:      It increases your willpower.
Wands
 q - a wand of polymorph (9)
 s - a wand of mindburst (10)
 t - a wand of flame (16)
 w - a wand of quicksilver (7)
 A - a wand of paralysis (10)
Scrolls
 f - 3 scrolls of teleportation
 h - 3 scrolls of immolation
 i - 3 scrolls of amnesia
 k - a scroll of poison
 n - a scroll of magic mapping {unknown}
 o - 2 scrolls of vulnerability {unknown}
 p - a scroll of acquirement {unknown}
 u - a scroll of noise {unknown}
 B - a scroll of enchant armour {unknown}
 C - a scroll of blinking {unknown}
 F - a scroll of torment {unknown}
 H - a scroll of identify
Potions
 c - 2 potions of invisibility
 d - 4 potions of heal wounds
 g - 4 potions of curing
 j - 2 potions of might
 x - 2 potions of attraction
 z - 2 potions of brilliance
 E - a potion of flight {unknown}


   Skills:
 + Level 3.6 Fighting
 * Level 7.4 Short Blades
 + Level 5.3 Dodging
 * Level 11.2 Stealth
 + Level 4.6 Spellcasting
 + Level 7.9 Hexes


You had 6 spell levels left.
You knew the following spells:

 Your Spells              Type           Power      Damage    Failure   Level
a - Ensorcelled Hibernat  Hex/Ice        32%        N/A       4%          2
b - Confusing Touch       Hex            29%        N/A       1%          3
c - Dazzling Flash        Conj/Hex       32%        N/A       10%         3
d - Tukima's Dance        Hex            29%        N/A       1%          3

Your spell library contained the following spells:

 Spells                   Type           Power      Damage    Failure   Level
 Slow                     Hex            100%       N/A       1%          1
 Inner Flame              Hex/Fire       16%        N/A       10%         3
 Portal Projectile        Hex/Tloc       32%        N/A       10%         3
 Apportation              Tloc           6%         N/A       16%         1
 Foxfire                  Conj/Fire      12%        2x1d4     16%         1
 Freeze                   Ice            12%        1d4       16%         1
 Necrotise                Necr           12%        1d4       16%         1
 Sandblast                Erth           6%         2d5       16%         1
 Shock                    Conj/Air       12%        1d3       16%         1
 Passwall                 Tmut/Erth      2%         N/A       24%         2
 Frozen Ramparts          Ice            6%         1d1       43%         3
 Kindle Blastsparks       Fire/Tloc/Air  6%         2d10      43%         3
 Stone Arrow              Conj/Erth      6%         3d7       43%         3
 Swiftness                Air            3%         N/A       43%         3
 Vampiric Draining        Necr           3%         2d6       43%         3
 Airstrike                Air            1%         2d(1-17)  85%         4
 Flame Wave               Conj/Fire      3%         2d5       85%         4
 Hailstorm                Conj/Ice       3%         3d3       85%         4
 Agony                    Necr           3%         N/A       99%         5
 Alistair's Intoxication  Tmut/Pois      2%         N/A       99%         5
 Blade Hands              Tmut           1%         N/A       99%         5


Dungeon Overview and Level Annotations

Branches:
Dungeon (7/15)             Temple (1/1) D:6

Altars:
Ashenzari
Dithmenos
Fedhas
Gozag
Hepliaklqana
Kikubaaqudgha
Nemelex Xobeh
Okawaru
Qazlal
Ru
Sif Muna
Trog
Uskayaw
Vehumet
Wu Jian
Xom
Yredelemnul

Shops:
D:3 *

Annotations:
D:7 Duvessa


Innate Abilities, Weirdness & Mutations

You do not regenerate when monsters are visible.
You are frail without blood (-20% HP).
You can heal yourself when you bite living creatures.
You are immune to poison.
You have razor-sharp teeth.
You have supernaturally acute eyesight. (SInv)
You are afflicted with vampirism and can become a bat while bloodless.
You have large cloven feet.
Your muscles are strong. (Str +4, Int/Dex -1)
You are vulnerable to cold. (rC-)


Message History

Confirm with . or Enter, or press ? or * to list all spells.
Aiming: Tukima's Dance (safe; 1% risk of failure)
Press: ? - help, Shift-Dir - straight line, f/p - Duvessa
Aim: Duvessa, wielding a +1 short sword of speed and wearing a +2 scale mail of poison resistance (poison gas, lightly wounded, berserk, chance to affect: 41%)
The +1 short sword of speed dances into the air!
Duvessa barely misses you. Duvessa hits you but does no damage.
You hit Duvessa but do no damage. Your bite misses Duvessa.
Duvessa is lightly wounded.
Duvessa closely misses you.
You hit Duvessa. You burn Duvessa.
Duvessa is lightly wounded.
Your +1 short sword of speed hits Duvessa.
Duvessa hits you!
You hit Duvessa but do no damage. You kick Duvessa, but do no damage.
Duvessa is lightly wounded.
Your +1 short sword of speed hits Duvessa but does no damage.
Duvessa hits your +1 short sword of speed.
Your +1 short sword of speed falls from the air.
Duvessa shouts!
You hit Duvessa but do no damage. You kick Duvessa, but do no damage.
Duvessa is lightly wounded.
Duvessa completely misses you.
You hit Duvessa. You burn Duvessa.
Duvessa is lightly wounded.
You hit Duvessa but do no damage. You kick Duvessa, but do no damage.
Duvessa is lightly wounded.
Duvessa hits you!
* * * LOW HITPOINT WARNING * * *
You feel better. Duvessa hits you but does no damage. Duvessa hits you!
* * * LOW HITPOINT WARNING * * *
Duvessa attacks as you move away! Duvessa hits you.
* * * LOW HITPOINT WARNING * * *
Duvessa hits you.
* * * LOW HITPOINT WARNING * * *
You feel much better. Duvessa hits you!
* * * LOW HITPOINT WARNING * * *
You hit Duvessa but do no damage. Your kick misses Duvessa.
Duvessa is lightly wounded.
Duvessa hits you!
You die...

#.....######### #.# #.##
.......## ##.###.# #..## #
........####..)##.########...####
........'.........†.............'
........####...##.########....###
.......## ##.###.# ##.#.# #
#.....## ### #.# ###.# ##...##
####.# #.# ###'######## #○e@.#
#.# ..#........# #°#### #.#
....######.# #.# #.# ....##.###.#
#)# ####.### ........##.###.#
#......# ...........e...#
#.##.#.. .....#####.#####
#.##.#.. ....######.# #.##.#..
##.........# #.##....


You could see Duvessa (berserk).

Vanquished Creatures
  Pikel (D:5)
  A steam dragon (D:7)
  A water moccasin (D:3)
  Menkaure (D:7)
  An ice beast (D:6)
  2 ogres
  A centaur (D:6)
  A phantom (D:6)
  A bullfrog (D:6)
  A gnoll sergeant (D:6)
  2 necrophages
  3 scorpions
  3 wights (D:6)
  Dowan (D:7)
  3 killer bees (D:7)
  A hound (D:5)
  2 jellies
  2 orc priests
  A gnoll bouda (D:6)
  10 iguanas
  4 orc wizards
  Robin (D:2)
  10 gnolls
  10 adders
  A white imp (D:6)
  An ufetubus (D:5)
  2 worms
  3 dart slugs
  21 orcs
  4 bats
  9 endoplasms
  5 giant cockroaches
  16 goblins
  14 hobgoblins
  6 jackals
  10 kobolds
  4 quokkas
  6 ball pythons
  3 frilled lizards
  9 rats
  A spectral kobold (D:6)
179 creatures vanquished.

Vanquished Creatures (others)
  A dancing weapon (D:7)
1 creature vanquished.

Grand Total: 180 creatures vanquished

Notes
Turn   | Place    | Note
-------+----------+-------------------------------------------
     0 | D:1      | Dreamer the Vampire Enchanter began the quest for the Orb.
     0 | D:1      | Reached XP level 1. HP: 13/13 MP: 3/3
   113 | D:1      | Found a faded altar of an unknown god.
   193 | D:1      | Reached XP level 2. HP: 11/15 MP: 5/5
   450 | D:1      | Learned a level 2 spell: Ensorcelled Hibernation
   645 | D:1      | Reached skill level 5 in Stealth
  1166 | D:1      | Gained mutation: You are afflicted with vampirism and can
                  | become a bat while bloodless. [Vampire growth]
  1166 | D:1      | Reached XP level 3. HP: 19/19 MP: 6/6
  1237 | D:2      | Gained mutation: Your system is resistant to poisons.
                  | (rPois) [potion of mutation]
  1237 | D:2      | Gained mutation: You are partially covered in iridescent
                  | scales. (AC +2) [potion of mutation]
  1349 | D:2      | Noticed Robin
  1558 | D:2      | Learned a level 3 spell: Confusing Touch
  1870 | D:1      | Reached XP level 4. HP: 22/24 MP: 3/7
  2426 | D:2      | Killed Robin
  2509 | D:2      | Reached skill level 6 in Stealth
  2583 | D:3      | Found Aliakk Wupu's Assorted Antiques.
  2613 | D:3      | Reached XP level 5. HP: 28/28 MP: 8/8
  2824 | D:3      | Learned a level 3 spell: Dazzling Flash
  2905 | D:3      | Noticed a water moccasin
  2914 | D:3      | Killed a water moccasin
  2915 | D:3      | Reached skill level 1 in Fighting
  2915 | D:3      | Reached skill level 5 in Hexes
  3068 | D:3      | Reached XP level 6. HP: 34/34 MP: 10/10
  3771 | D:3      | Found an opulent altar of Gozag.
  3815 | D:3      | Found a shimmering blue altar of Sif Muna.
  4395 | D:4      | Reached skill level 7 in Stealth
  4614 | D:4      | Learned a level 3 spell: Tukima's Dance
  4644 | D:4      | Found a sacrificial altar of Ru.
  4738 | D:5      | Entered Level 5 of the Dungeon
  4773 | D:5      | Noticed Pikel
  5152 | D:5      | Reached XP level 7. HP: 38/38 MP: 11/11
  5171 | D:5      | Identified the amulet "Qylaeble" {rF- Will+ Regen+ Dex+7}
  5715 | D:5      | Killed Pikel
  5716 | D:5      | Reached skill level 5 in Short Blades
  5716 | D:5      | Reached skill level 8 in Stealth
  5716 | D:5      | Reached XP level 8. HP: 35/45 MP: 2/13
  5836 | D:5      | Reached skill level 9 in Stealth
  6138 | D:5      | Lost mutation: Your system is resistant to poisons. (rPois)
                  | [potion of mutation]
  6138 | D:5      | Lost mutation: You are partially covered in iridescent
                  | scales. (AC +2) [potion of mutation]
  6138 | D:5      | Gained mutation: You have large cloven feet. [potion of
                  | mutation]
  6138 | D:5      | Gained mutation: Your muscles are strong. (Str +4, Int/Dex
                  | -1) [potion of mutation]
  6138 | D:5      | Gained mutation: You are vulnerable to cold. (rC-) [potion
                  | of mutation]
  6200 | D:6      | Found a staircase to the Ecumenical Temple.
  6283 | Temple   | Entered the Ecumenical Temple
  6678 | D:6      | Reached skill level 10 in Stealth
  6841 | D:6      | Reached XP level 9. HP: 48/50 MP: 4/15
  7079 | D:7      | Reached skill level 5 in Dodging
  7707 | Temple   | Became a worshipper of the Wu Jian Council
  7758 | D:6      | Found a hazy altar of Hepliaklqana.
  7812 | D:7      | Noticed Menkaure
  7824 | D:7      | Killed Menkaure
  7825 | D:7      | Reached skill level 11 in Stealth
  7972 | D:7      | Noticed Dowan
  7979 | D:7      | Killed Dowan
  7980 | D:7      | Noticed Duvessa
  8352 | D:7      | Slain by Duvessa

Illustrated notes

Levels and vault maps discovered:
D:1:      dpeg_arrival_chambers_temple_mockup, layout_basic,
          dreamdust_ecumenical_altar_angels_and_demons, minmay_tromino_v7
D:2:      layout_rooms, uniq_robin
D:3:      layout_basic, mainiacjoe_overflow_two_lobes, serial_shops,
          nicolae_shop_statue_plus, minmay_puff
D:4:      layout_cave_pools, mainiacjoe_overflow_alcove_4
D:5:      layout_basic, uniq_pikel
D:6:      layout_rooms, nicolae_hepliaklqana_monster_ancestors,
          minmay_temple_entry_waves
D:7:      layout_loops_corners, uniq_menkaure, uniq_duvessa
Temple:   nicolae_temple_superstar

Skill      XL: |  1  2  3  4  5  6  7  8  9 |
---------------+----------------------------+-----
Stealth        | 5 6 7 8 10 11 | 11.2
Short Blades   | 2 3 4 5 6 7 |  7.4
Fighting       | 1 2 3 |  3.6
Dodging        | 3 4 5 |  5.3
Hexes          | 5 6 7 |  7.9
Spellcasting   | 3 4 |  4.6

Action                   |  1- 3 |  4- 6 |  7- 9 || total
-------------------------+-------+-------+-------++-------
Melee: Dagger            |    86 |   132 |   178 ||   396
       Bite              |     3 |    16 |    16 ||    35
       Punch             |     1 |       |     2 ||     3
       Kick              |       |       |    49 ||    49
 Cast: Ensorcelled Hiber |    19 |    26 |    49 ||    94
       Tukima's Dance    |       |       |     5 ||     5
       Confusing Touch   |       |       |     6 ||     6
Invok: Lunge             |       |       |     6 ||     6
 Abil: Exsanguinate      |     1 |       |       ||     1
       End Transformatio |       |     1 |     1 ||     2
       Bat Form          |       |     1 |     1 ||     2
  Use: Scroll            |     3 |     2 |     9 ||    14
       Potion            |     1 |       |     5 ||     6
 Stab: Sleeping          |    30 |    37 |    33 ||   100
       Distracted        |       |       |     4 ||     4
       Invisible         |       |       |     4 ||     4
       Confused          |       |       |     4 ||     4
Armor: Robe              |    12 |    13 |    17 ||    42
       Animal skin       |       |     9 |       ||     9
       Steam dragon scal |       |       |     6 ||     6
Dodge: Dodged            |    27 |    54 |   121 ||   202
Block: Other             |       |    21 |       ||    21

Table legend: (Time is in decaauts)
 A = Elapsed time spent in this place.
 B = Non-inter-level travel time spent in this place.
 C = Inter-level travel time spent in this place.
 D = Time resting spent in this place.
 E = Time spent auto-exploring this place.
 F = Levels seen in this place.
 G = Mean time per level.
                   A        B        C        D        E       F      G
               +--------+--------+--------+--------+--------+-----+--------+
         Total |   8257 |   7949 |    308 |   1937 |   3275 |   8 | 1032.1 |
       Dungeon |   8126 |   7818 |    308 |   1937 |   3275 |   7 | 1160.9 |
        Temple |    131 |    131 |      0 |      0 |      0 |   1 |  131.0 |
               +--------+--------+--------+--------+--------+-----+--------+

Top non-repeatable levels by time:
     D:1: 1545 daAuts
     D:3: 1542 daAuts
     D:5: 1177 daAuts
     D:2: 1029 daAuts
     D:6: 1002 daAuts
     D:7: 971 daAuts
     D:4: 857 daAuts
  Temple: 131 daAuts
